 Dungeon Sprint DCSS version 0.19-a0-462-g6140235 (webtiles) character file.

3367 Groucho the Covert (level 9, -3/47 HPs)
             Began as a Spriggan Enchanter on June 2, 2016.
             Was a High Priest of Sif Muna.
             Killed by divine providence
             ... invoked by an orc high priest
              (14 damage)
             ... in the Dungeon (Sprint VII: "The Pits").
             The game lasted 00:12:27 (3904 turns).

Groucho the Covert (Spriggan Enchanter)             Turns: 3904, Time: 00:12:28

Health: -3/47      AC:  7    Str:  7    XL:     9   Next: 73%
Magic:  17/25      EV: 30    Int: 16    God:    Sif Muna [*****.]
Gold:   10         SH:  0    Dex: 17    Spells: 5 memorised, 18 levels left

rFire  . . .     SeeInvis +     k - +2 dagger
rCold  . . .     Gourm    .     b - +1 robe
rNeg   . . .     Faith    .     (shield restricted)
rPois  .         Spirit   .     (helmet restricted)
rElec  .         Dismiss  .     v - +0 cloak
rCorr  .         Reflect  .     (gloves unavailable)
SustAt .         Harm     .     (boots unavailable)
MR     +....     NoTele   +     (no amulet)
Stlth  +++++++...               q - +3 ring of evasion
                                j - +3 ring of protection

@: very quick, somewhat resistant to hostile enchantments, extremely stealthy
A: unfitting armour, see invisible, herbivore 3, speed 3, slow metabolism 2
a: Channel Energy, Forget Spell, Renounce Religion


You were in the Dungeon.
You worshipped Sif Muna.
Sif Muna was extremely pleased with you.
You were full.

You visited 1 branch You collected 10 gold pieces.

Inventory:

Hand Weapons
 k - a +2 dagger (weapon)
 r - a +2 rapier of distortion
Missiles
 p - 9 stones (quivered)
Armour
 b - a +1 robe (worn)
 v - a +0 cloak (worn)
Jewellery
 j - a +3 ring of protection (left hand)
 q - a +3 ring of evasion (right hand)
Scrolls
 m - 3 scrolls of remove curse
 n - 5 scrolls of amnesia
 o - a scroll of summoning
Potions
 e - 7 potions of curing
 f - 6 potions of heal wounds
 g - 2 potions of haste
 h - 3 potions of magic
 i - 4 potions of berserk rage
 l - 2 potions of invisibility
 s - 3 potions of cure mutation
 t - a potion of agility
 u - a potion of might
Books
 c - a book of Maledictions

   Spells                             Type                      Level
   a - Corona                         Hexes                        1
   b - Ensorcelled Hibernation        Hexes/Ice                    2
   c - Confuse                        Hexes                        3
   d - Tukima's Dance                 Hexes                        3
   e - Dazzling Spray                 Conjuration/Hexes            3
Comestibles
 a - 40 fruits
 d - 7 bread rations


   Skills:
 * Level 5.0 Fighting
 * Level 13.9 Short Blades
 - Level 10.9 Dodging
 - Level 14.3 Stealth
 - Level 11.2 Spellcasting
 - Level 11.4 Hexes


You had 18 spell levels left.
You knew the following spells:

 Your Spells              Type           Power        Failure   Level  Hunger
a - Corona                Hex            #####..      1%          1    None
b - Ensorcelled Hibernat  Hex/Ice        ####..       1%          2    None
c - Confuse               Hex            #####...     1%          3    None
d - Dazzling Spray        Conj/Hex       ####..       1%          3    None
e - Tukima's Dance        Hex            #####...     1%          3    None


Dungeon Overview and Level Annotations

Branches:
Dungeon (1/1)

Altars:
Ashenzari
Cheibriados
Dithmenos
Elyvilon
Fedhas
Gozag
Kikubaaqudgha
Makhleb
Nemelex Xobeh
Okawaru
Pakellas
Qazlal
Ru
Sif Muna
Trog
Vehumet
Xom
Yredelemnul
Zin
The Shining One
Beogh
Jiyva
Lugonu


Innate Abilities, Weirdness & Mutations

You are tiny and cannot use many weapons and most armour.
You have supernaturally acute eyesight. (SInv)
You are a herbivore.
You cover ground extremely quickly.
You need consume almost no food.


Message History

Confirm with . or Enter, or press ? or * to list all spells.
Aiming: Dazzling Spray
Press: ? - help, Shift-Dir - straight line, f/p - spriggan rider
Aim: a spriggan rider, wielding a spear The spray of energy misses the spriggan rider.
The spray of energy hits the orc.
The orc is heavily wounded.
The orc is dazzled.
The spray of energy hits the orc warrior.
The orc warrior is lightly wounded.
The orc warrior is dazzled.
The spriggan rider completely misses you.
You barely miss the orc warrior.
The orc warrior is lightly wounded.
The spriggan rider hits you from afar with a spear!!
Ouch! That really hurt!
* * * LOW HITPOINT WARNING * * *
The orc high priest invokes the aid of Beogh against you.
Beogh smites you!
You die...

##'#####''######
......##''# ##### ########
......##..###.÷.###..)...#
......##...##..÷##..##..÷#
..<...###...##'##..###...+
......# ##.....)...(##...#
......###..###'###...##'##
......##..##.....##o.#...#
########..+.....@o'i)o...+
########..##.()..##.o#o..#
.#..[[###..###'###...##'##
.#..[[# ##..........##.oo#
.'..).###...##†##..###oio+
.#..))##...##...##..##...#
.#..))##..###...###..+...#
########## ##### #######


You could see a spriggan rider, an orc high priest, an orc warrior (blind), an
orc priest and 2 orcs.

Vanquished Creatures
  Maurice (D)
  A black mamba (D)
  A yaktaur (D)
  A hellwing (D)
  A red devil (D)
  A merfolk (D)
  A boulder beetle (D)
  A bog body (D)
  A redback (D)
  A warg (D)
  A soldier ant (D)
  A black bear (D)
  2 ice beasts (D)
  A phantom (D)
  An orc warrior (D)
  An eye of draining (D)
  An ogre (D)
  A wolf (D)
  A crocodile (D)
  A small abomination (D)
  A scorpion (D)
  A jelly (D)
  An iguana (D)
  2 mummies (D)
  A gnoll (D)
  2 river rats (D)
  2 adders (D)
  An ufetubus (D)
  An adder skeleton (D)
  A giant gecko (D)
  2 orcs (D)
  A bat skeleton (D)
  6 jackals (D)
  A quokka (D)
  A ball python (D)
  A giant newt (D)
  A kobold (D)
  A rat (D)
48 creatures vanquished.

Notes
Turn   | Place    | Note
--------------------------------------------------------------
     0 | D        | Groucho the Spriggan Enchanter began the quest for the Orb.
     0 | D        | Reached XP level 1. HP: 9/9 MP: 5/5
    48 | D        | Found a sacrificial altar of Ru.
    48 | D        | Found a basalt altar of Yredelemnul.
    48 | D        | Found a shadowy altar of Dithmenos.
    48 | D        | Found a deep blue altar of Sif Muna.
    48 | D        | Found a burning altar of Makhleb.
    48 | D        | Found a shimmering altar of Xom.
    48 | D        | Found an ancient bone altar of Kikubaaqudgha.
    48 | D        | Found a sparkling altar of Nemelex Xobeh.
    49 | D        | Found a glowing golden altar of the Shining One.
    49 | D        | Found a bloodstained altar of Trog.
    49 | D        | Found a shattered altar of Ashenzari.
    49 | D        | Found a white marble altar of Elyvilon.
    49 | D        | Found a snail-covered altar of Cheibriados.
    49 | D        | Found a blossoming altar of Fedhas.
    49 | D        | Found a radiant altar of Vehumet.
    49 | D        | Found a glowing silver altar of Zin.
    49 | D        | Found a corrupted altar of Lugonu.
    49 | D        | Found a viscous altar of Jiyva.
    49 | D        | Found a roughly hewn altar of Beogh.
    49 | D        | Found an iron altar of Okawaru.
    50 | D        | Found an oddly glowing altar of Pakellas.
    55 | D        | Found a stormy altar of Qazlal.
    56 | D        | Found an opulent altar of Gozag.
    68 | D        | Became a worshipper of Sif Muna the Loreminder
   333 | D        | Noticed a black bear
   359 | D        | Reached skill level 5 in Spellcasting
   359 | D        | Reached skill level 5 in Hexes
   359 | D        | Reached XP level 2. HP: 6/13 MP: 7/9
   687 | D        | Learned a level 2 spell: Ensorcelled Hibernation
   776 | D        | Killed a black bear
   776 | D        | Reached * piety under Sif Muna
   776 | D        | Reached ** piety under Sif Muna
   776 | D        | Reached XP level 3. HP: 16/16 MP: 5/13
   776 | D        | Reached XP level 4. HP: 21/21 MP: 5/15
  1015 | D        | Noticed a phantom
  1018 | D        | Noticed a warg
  1031 | D        | Learned a level 3 spell: Confuse
  1117 | D        | Killed a phantom
  1117 | D        | Reached *** piety under Sif Muna
  1117 | D        | Reached **** piety under Sif Muna
  1117 | D        | Reached skill level 10 in Spellcasting
  1117 | D        | Reached skill level 10 in Hexes
  1117 | D        | Reached XP level 5. HP: 24/24 MP: 1/18
  1154 | D        | Killed a warg
  1154 | D        | Reached ***** piety under Sif Muna
  1154 | D        | Reached XP level 6. HP: 28/28 MP: 5/21
  1497 | D        | Reached skill level 5 in Dodging
  1801 | D        | Learned a level 3 spell: Dazzling Spray
  1805 | D        | Learned a level 3 spell: Tukima's Dance
  1805 | D        | Noticed an ice beast
  1819 | D        | Killed an ice beast
  1819 | D        | Reached skill level 5 in Short Blades
  1932 | D        | Noticed a black mamba
  1939 | D        | Killed a black mamba
  1939 | D        | Reached skill level 10 in Dodging
  1939 | D        | Reached XP level 7. HP: 17/32 MP: 15/22
  2190 | D        | Reached skill level 5 in Stealth
  2197 | D        | Reached skill level 6 in Stealth
  2467 | D        | Reached skill level 7 in Stealth
  2507 | D        | Reached XP level 8. HP: 36/36 MP: 21/24
  2511 | D        | Reached skill level 8 in Stealth
  2628 | D        | Noticed Maurice
  2629 | D        | Noticed a hellwing
  2665 | D        | Killed Maurice
  2665 | D        | Reached skill level 10 in Short Blades
  2665 | D        | Reached skill level 10 in Stealth
  2680 | D        | Killed a hellwing
  2680 | D        | Reached skill level 12 in Stealth
  2941 | D        | Noticed a bog body
  2960 | D        | Killed a bog body
  3207 | D        | Reached skill level 13 in Stealth
  3207 | D        | Reached XP level 9. HP: 39/39 MP: 25/25
  3215 | D        | Noticed a yaktaur
  3215 | D        | Noticed a red devil
  3226 | D        | Killed a red devil
  3226 | D        | Reached skill level 14 in Stealth
  3253 | D        | Killed a yaktaur
  3310 | D        | Noticed a merfolk
  3324 | D        | Killed a merfolk
  3884 | D        | Reached skill level 5 in Fighting
  3887 | D        | Noticed an orc high priest
  3887 | D        | Noticed a spriggan rider
  3904 | D        | Killed from afar by an orc high priest

Vault maps used:
D:        pitsprint

Skill      XL: |  1  2  3  4  5  6  7  8  9 |
---------------+----------------------------+-----
Spellcasting   | 5 8 10 11 | 11.2
Hexes          | 5 8 10 11 | 11.4
Short Blades   | 8 9 11 13 | 13.9
Dodging        | 10 | 10.9
Stealth        | 7 13 14 | 14.3
Fighting       | 5 |  5.0

Action                   |  1- 3 |  4- 6 |  7- 9 || total
-------------------------+-------+-------+-------++-------
Melee: Dagger            |    39 |    62 |    52 ||   153
Throw: Stone             |     3 |     1 |     4 ||     8
 Cast: Corona            |     3 |       |       ||     3
       Ensorcelled Hiber |     5 |     7 |    33 ||    45
       Confuse           |       |    16 |     9 ||    25
       Dazzling Spray    |       |       |     7 ||     7
  Use: Potion            |     1 |     3 |       ||     4
       Scroll            |       |     1 |       ||     1
 Stab: Sleeping          |     6 |     5 |    21 ||    32
       Confused          |       |     7 |     5 ||    12
       Invisible         |       |       |     2 ||     2
  Eat: Bread ration      |       |       |     1 ||     1
Armor: Robe              |    10 |       |     3 ||    13
Dodge: Dodged            |    45 |    25 |    70 ||   140
